 Dungeon Crawl Stone Soup version 0.25.0-26-g0c896c7088 (webtiles) character file.

Game seed: 9572902042425745930

306 Esekla the Grave Robber (level 6, -2/46 HPs)
             Began as a Formicid Necromancer on July 1, 2020.
             Killed by triggering a spear trap (10 damage)
             ... in an ossuary.
             The game lasted 00:24:02 (3448 turns).

Esekla the Grave Robber (Formicid Necromancer)      Turns: 3448, Time: 00:24:03

Health: -2/46      AC:  4    Str: 13    XL:     6   Next: 67%
Magic:  11/11      EV: 12    Int: 16    God:
Gold:   103        SH:  0    Dex: 11    Spells: 7/11 levels left

rFire    . . .     SeeInvis +   f - +2 dagger (venom)
rCold    . . .     Gourm    .   (no shield)
rNeg     . . .     Faith    .   d - +0 leather armour (curse)
rPois    .         Spirit   .   (helmet unavailable)
rElec    .         Reflect  .   (no cloak)
rCorr    .         Harm     .   (no gloves)
MR       .....                  a - +0 pair of boots
Stlth    ++........             (no amulet)
HPRegen  0.15/turn              (no ring)
MPRegen  0.12/turn              (no ring)

@: no status effects
A: permanent stasis, dig shafts and tunnels, four strong arms, antennae 3
a: Dig, Shaft Self


You were in an ossuary.
You were very hungry.

You visited 1 branch of the dungeon, and saw 5 of its levels.
You also visited: Ossuary.

You collected 103 gold pieces.

Inventory:

Hand Weapons
 f - a +2 dagger of venom (weapon)
 l - a +0 trident
 o - a +0 short sword
Missiles
 b - 23 poisoned darts (quivered)
Armour
 a - a +0 pair of boots (worn)
 d - a cursed +0 leather armour (worn)
Jewellery
 i - an uncursed ring of flight {unknown}
 m - a +6 ring of strength {unknown}
Wands
 n - a wand of paralysis (6)
Scrolls
 j - 3 scrolls of identify {unknown}
Potions
 e - a potion of heal wounds {unknown}
 g - a potion of brilliance {unknown}
 h - 2 potions of flight {unknown}
 k - a potion of might {unknown}
Comestibles
 c - 5 rations


   Skills:
 * Level 2.5 Fighting
 + Level 2.1 Short Blades
 + Level 0.3 Throwing
 * Level 3.1 Armour
 + Level 2.5 Dodging
 + Level 2.6 Stealth
 * Level 3.3 Spellcasting
 + Level 4.4 Necromancy


You had 7 spell levels left.
You knew the following spells:

 Your Spells              Type           Power        Failure   Level  Hunger
a - Pain                  Necr           ###.         3%          1    None
d - Vampiric Draining     Necr           ###.......   11%         3    ###....

Your spell library contained the following spells:

 Spells                   Type           Power        Failure   Level  Hunger
 Animate Skeleton         Necr           N/A          3%          1    None
 Animate Dead             Necr           N/A          36%         4    ####...
 Agony                    Necr           ###.....     71%         5    ######.


Dungeon Overview and Level Annotations

Branches:
Dungeon (4/15)            Ossuary (1/1)
 Temple: D:4-7

Altars:
Cheibriados
Qazlal
Sif Muna


Innate Abilities, Weirdness & Mutations

You cannot be hasted, slowed, berserked, paralysed or teleported.
You can dig through walls and to a lower floor.
Your four strong arms can wield two-handed weapons with a shield.
You have a pair of large antennae on your head. (SInv)


Message History

The mummy hits you!
* * * LOW HITPOINT WARNING * * *
Really walk into that arrow trap?
You avoid triggering an arrow trap.
There is an arrow trap here.
An arrow hits the mummy!
You start resting.
The mummy is too close now for your liking.
Really walk into that arrow trap?
You avoid triggering an arrow trap.
There is an arrow trap here.
You start resting.
The mummy is too close now for your liking.
You hit the mummy.
The mummy is moderately damaged.
The mummy hits you!
* * * LOW HITPOINT WARNING * * *
Really walk into that spear trap?
A spear shoots out and hits you!
You die...

##..##..##^M## {{##..##..##..#
##..##^^##..## {{ { ##..##..##..
##^.##..##^.## ##..##..##.
#..##..##..## {##..##..##
..##..##^^##{ { { ##..##.^#
.##..##..## ##M^##..
##.^##....^..... { ##..##.
#..##########################..##
...^..^.........@.....M....^.^..#
#################################
.................................
#################################


You could see a mummy.

Vanquished Creatures
  Ijyb (D:3)
  An orc wizard (D:3)
  An iguana (D:7)
  2 worker ants
  A gnoll (D:7)
  7 adders
  2 worms
  A dart slug (D:2)
  3 leopard geckos
  4 orcs
  7 bats
  3 giant cockroaches
  5 gnoll zombies (Ossuary)
  9 goblins
  6 hobgoblins
  3 jackals (D:1)
  A quokka (D:2)
  A ball python (D:1)
  5 frilled lizards
  2 gnoll skeletons (Ossuary)
  3 goblin zombies (Ossuary)
  4 hobgoblin skeletons (Ossuary)
  3 hobgoblin zombies (Ossuary)
  2 kobolds (D:2)
  3 kobold skeletons (Ossuary)
  4 kobold zombies (Ossuary)
  5 orc skeletons (Ossuary)
  4 orc zombies (Ossuary)
  3 rats
  9 rat skeletons (Ossuary)
  5 rat zombies (Ossuary)
110 creatures vanquished.

Notes
Turn   | Place    | Note
-------+----------+-------------------------------------------
     0 | D:1      | Esekla the Formicid Necromancer began the quest for the
                  | Orb.
     0 | D:1      | Reached XP level 1. HP: 13/13 MP: 3/3
   216 | D:1      | Reached XP level 2. HP: 7/20 MP: 0/5
   538 | D:1      | Reached skill level 1 in Fighting
  1182 | D:1      | Reached XP level 3. HP: 24/26 MP: 6/6
  1192 | D:1      | Learned a level 3 spell: Vampiric Draining
  1251 | D:2      | Reached skill level 1 in Armour
  1318 | D:2      | Found a stormy altar of Qazlal.
  1337 | D:2      | Reached XP level 4. HP: 28/32 MP: 8/8
  1570 | D:2      | Reached XP level 5. HP: 18/37 MP: 9/9
  1842 | D:3      | Found a shimmering blue altar of Sif Muna.
  1985 | D:3      | Noticed Ijyb
  2211 | D:3      | Killed Ijyb
  2211 | D:3      | Reached skill level 1 in Short Blades
  2242 | D:3      | Reached XP level 6. HP: 37/44 MP: 10/10
  2310 | D:4      | You fall into a shaft and drop 3 floors!
  2310 | D:7      | Found a snail-covered altar of Cheibriados.
  2354 | D:7      | Noticed an ogre
  2409 | D:7      | Found a sand-covered staircase.
  2410 | D:7      | Noticed a phantom
  2418 | Ossuary  | Entered an ossuary
  3448 | Ossuary  | Killed by triggering a spear trap

Illustrated notes

Levels and vault maps discovered:
D:1:      dpeg_arrival_lava_temple_mockup, layout_basic
D:2:      layout_rooms, nicolae_qazlal_general_emergency
D:3:      layout_rooms, old_standard_altar, first_ration, feat_on_display,
          uniq_ijyb
D:4:      layout_basic, uniq_eustachio, uniq_sigmund
D:7:      layout_loops_ring, nicolae_overflow_hidden_temple, slow_altar_1,
          gup_ossuary_entry_pyramid, uniq_pikel, uniq_harold
Ossuary:  ossuary_due_pyramid

Skill      XL: |  1  2  3  4  5  6 |
---------------+-------------------+-----
Fighting       | 1 2 |  2.5
Armour         | 1 2 3 |  3.1
Dodging        | 2 |  2.5
Spellcasting   | 3 |  3.3
Short Blades   | 1 2 |  2.1
Throwing       | |  0.3
Stealth        | |  2.6
Necromancy     | |  4.4

Action                   |  1- 3 |  4- 6 || total
-------------------------+-------+-------++-------
Melee: Dagger            |    71 |   289 ||   360
Throw: Dart              |     2 |    11 ||    13
 Cast: Pain              |    15 |       ||    15
       Vampiric Draining |     2 |     4 ||     6
 Abil: Shaft Self        |       |     1 ||     1
 Stab: Sleeping          |       |     2 ||     2
  Eat: Chunk             |     1 |     4 ||     5
       Ration            |       |     1 ||     1
Armor: Leather armour    |    32 |    61 ||    93
Dodge: Dodged            |    56 |   145 ||   201
